 Dungeon Crawl Stone Soup version 0.28-a0-769-g550dbda0cd (webtiles) character file.

Game seed: 8536153284425752796

37 croobank the Digger (level 3, -8/19 HPs)
             Began as a Gargoyle Earth Elementalist on Nov 1, 2021.
             Killed by divine providence
             ... invoked by an orc priest
              (11 damage)
             ... on level 2 of the Dungeon.
             The game lasted 00:12:37 (1841 turns).

croobank the Digger (Gargoyle Earth Elementalist)   Turns: 1841, Time: 00:12:38

Health: -8/19      AC:  5    Str: 12    XL:     3   Next: 41%
Magic:  2/6        EV: 12    Int: 15    God:
Gold:   62         SH:  0    Dex: 10    Spells: 0/6 levels left

rFire   . . .      SeeInvis .   f - +2 short sword (venom)
rCold   . . .      Faith    .   (no shield)
rNeg    + . .      Spirit   .   b - +0 robe
rPois   ∞          Reflect  .   (no helmet)
rElec   +          Harm     .   (no cloak)
rCorr   .          Rampage  .   (no gloves)
Will    .....                   (no boots)
Stlth   ++........              (no amulet)
HPRegen 0.06/turn               (no ring)
MPRegen 0.10/turn               (no ring)

@: no status effects
A: sickness immunity, AC +3, negative energy resistance 1, electricity
resistance, torment resistance 1, petrification resistance
a: no special abilities


You were on level 2 of the Dungeon.
You visited 1 branch of the dungeon, and saw 3 of its levels.

You collected 62 gold pieces.

Inventory:

Hand Weapons
 f - a +2 short sword of venom (weapon)
 k - a +0 trident
Missiles
 c - 53 stones
Armour
 b - a +0 robe (worn)
 d - a +0 ring mail
 g - a +0 leather armour
 j - a +0 scale mail
Scrolls
 l - a scroll of enchant armour
Potions
 a - a potion of attraction
 e - a potion of mutation
 h - a potion of degeneration


   Skills:
 + Level 0.1 Fighting
 + Level 0.2 Short Blades
 + Level 1.7 Dodging
 + Level 2.1 Stealth
 + Level 0.1 Unarmed Combat
 + Level 2.4 Spellcasting
 + Level 0.7 Transmutations
 + Level 4.6 Earth Magic


You couldn't memorise any spells.
You knew the following spells:

 Your Spells              Type           Power      Damage    Failure   Level
a - Sandblast             Erth           30%        2d9       3%          1
b - Passwall              Tmut/Erth      7%         N/A       11%         2
c - Stone Arrow           Conj/Erth      16%        3d8       24%         3

Your spell library contained the following spells:

 Spells                   Type           Power      Damage    Failure   Level
 Gell's Gravitas          Tloc           0%         N/A       54%         3
 Lesser Beckoning         Tloc           1%         N/A       54%         3
 Teleport Other           Tloc           1%         N/A       54%         3
 Petrify                  Tmut/Erth      9%         N/A       56%         4


Dungeon Overview and Level Annotations

Branches:
Dungeon (3/15)

Altars:


Innate Abilities, Weirdness & Mutations

You are immune to sickness and miasma.
Your stone body is resilient. (AC +3)
You are immune to poison.
You resist negative energy. (rN+)
You are resistant to electric shocks. (rElec)
You are resistant to unholy torment.
You are immune to petrification.


Message History

Aim: an orc priest, wielding a +0 mace and wearing a +0 scale mail (82% to hit)
The blast of sand hits the orc priest but does no damage.
Aiming: Sandblast (safe; 3% risk of failure)
Press: ? - help, Q - select action, (/) - cycle Shift-Dir - straight line, f/p - orc priest
Aim: an orc priest, wielding a +0 mace and wearing a +0 scale mail (82% to hit)
The blast of sand hits the orc priest but does no damage.
The orc priest hits you with a +0 mace.
Aiming: Sandblast (safe; 3% risk of failure)
Press: ? - help, Q - select action, (/) - cycle Shift-Dir - straight line, f/p - orc priest
Aim: an orc priest, wielding a +0 mace and wearing a +0 scale mail (82% to hit)
The blast of sand hits the orc priest.
The orc priest is lightly wounded.
The endoplasm barely misses you.
The orc priest hits you but does no damage.
Aiming: Sandblast (safe; 3% risk of failure)
Press: ? - help, Q - select action, (/) - cycle Shift-Dir - straight line, f/p - orc priest
Aim: an orc priest, wielding a +0 mace and wearing a +0 scale mail (lightly wounded, 82% to hit)
The blast of sand hits the orc priest but does no damage.
The orc priest is lightly wounded.
The endoplasm closely misses you. The orc priest hits you with a +0 mace.
* * * LOW HITPOINT WARNING * * *
You can't go down here!
The endoplasm hits you but does no damage.
The orc priest hits you but does no damage.
You climb upwards.
There is a stone staircase leading down here.
Casting: Sandblast (safe; 3% risk of failure)
Confirm with . or Enter, or press ? or * to list all spells.
Okay, then.
You closely miss the orc priest.
The orc priest is lightly wounded.
The endoplasm hits you but does no damage.
The orc priest closely misses you.
The endoplasm hits you but does no damage.
You closely miss the orc priest.
The orc priest is lightly wounded.
The orc priest calls down the wrath of Beogh upon you.
Beogh smites you!
Ouch! That really hurt!
You die...

###################
#.................#
#.###############.#
###.###### #.#
#########........#
#.#
..#..............#
#.#
..#..............#
#.#
..#.......#.######
#.#
...............J@#
###.#
..#########.####o#
#...# ### #.# #÷#
#.### ###########.#
#.# #.#
..........#.# #.#
#.# #########.#.#
#.# #.# ###
#########.#.# #.#
#.# #.#
............# #.#
#.# #.#
#########...#
##.### #.# #.#


You could see an orc priest and an endoplasm.

Vanquished Creatures
  An adder (D:2)
  2 orcs
  2 giant cockroaches
  A goblin (D:1)
  3 hobgoblins
  2 kobolds (D:2)
  8 ball pythons
  3 bats
  2 frilled lizards (D:2)
  3 rats
27 creatures vanquished.

Notes
Turn   | Place    | Note
-------+----------+-------------------------------------------
     0 | D:1      | croobank the Gargoyle Earth Elementalist began the quest
                  | for the Orb.
     0 | D:1      | Reached XP level 1. HP: 10/10 MP: 3/3
   191 | D:1      | Reached skill level 4 in Earth Magic
   191 | D:1      | Reached XP level 2. HP: 15/15 MP: 3/5
   368 | D:1      | Found a faded altar of an unknown god.
  1335 | D:2      | Reached XP level 3. HP: 19/19 MP: 6/6
  1828 | D:2      | Learned a level 2 spell: Passwall
  1832 | D:2      | Learned a level 3 spell: Stone Arrow
  1841 | D:2      | Killed from afar by an orc priest

Illustrated notes

Levels and vault maps discovered:
D:1:      nicolae_arrival_somewhat_less_tricky_arrival, layout_rooms,
          shapermc_ecumenical_altar_hornbeckon
D:2:      layout_basic
D:3:      layout_loops_corners, mainiacjoe_overflow_big_doors,
          grunt_ministairs_2, minmay_misc_feat_more_columns, uniq_ijyb

Skill      XL: |  1 |
---------------+----+-----
Earth Magic    | 4 |  4.6
Fighting       | |  0.1
Short Blades   | |  0.2
Dodging        | |  1.7
Stealth        | |  2.1
Unarmed Combat | |  0.1
Spellcasting   | |  2.4
Transmutations | |  0.7

Action                   || total
-------------------------++-------
Melee: Unarmed           ||    16
       Short sword       ||    28
Throw: Stone             ||     6
       Javelin           ||     4
 Cast: Sandblast         ||    20
  Use: Scroll            ||     4
Armor: Robe              ||    23
Dodge: Dodged            ||    32

Table legend: (Time is in decaauts)
 A = Elapsed time spent in this place.
 B = Non-inter-level travel time spent in this place.
 C = Inter-level travel time spent in this place.
 D = Time resting spent in this place.
 E = Time spent auto-exploring this place.
 F = Levels seen in this place.
 G = Mean time per level.
                   A        B        C        D        E       F      G
               +--------+--------+--------+--------+--------+-----+--------+
         Total |   1855 |   1821 |     34 |    214 |   1201 |   3 |  618.3 |
       Dungeon |   1855 |   1821 |     34 |    214 |   1201 |   3 |  618.3 |
               +--------+--------+--------+--------+--------+-----+--------+

Top non-repeatable levels by time:
     D:2: 1049 daAuts
     D:1: 751 daAuts
     D:3: 54 daAuts
